PCL
SPOKANE TRAPPERS @ MILE HIGH BRONCOS
04/27/2023
 
TOP OF THE 1ST
Spokane Trappers batting - Pitching for Mile High Broncos : RHP Fernand Picard
Pitching: RHP Fernand Picard
Batting: RHB Pedro Guzmán 0-0: Fly out, F8 (Flyball, 8RM)
Batting: RHB John Craig 0-0: Ball
1-0: Ball
2-0: Called Strike
2-1: Called Strike
2-2: Foul Ball, location: 2F
2-2: SINGLE (Line Drive, 78S)
Batting: SHB Esteban Silva 0-0: Foul Ball, location: 2F
0-1: Ball
1-1: Foul Ball, location: 2F
1-2: SINGLE (Groundball, 56)
John Craig to second
Batting: RHB Ernesto Acosta 0-0: Ball
1-0: Called Strike
1-1: Ball
2-1: Ball
3-1: Called Strike
3-2: SINGLE (Line Drive, 6MD)
John Craig to third
Esteban Silva to second
Runner from 3rd tries for Home, SAFE, throw made home
Esteban Silva to third
Ernesto Acosta to second
Batting: LHB José Feliciano 0-0: Foul Ball, location: 2F
0-1: DOUBLE (Line Drive, 89XD)
Esteban Silva scores
Ernesto Acosta scores
Batting: RHB Toru Nakanishi 0-0: Ball
1-0: Called Strike
1-1: Ball
2-1: Fly out, F1 (Popup, 25)
Batting: LHB Fernando Pérez 0-0: Ball
1-0: Ball
2-0: Called Strike
2-1: Called Strike
2-2: Ball
3-2: Fly out, F3 (Popup, 3SF)
Top of the 1st over - 3 run(s), 4 hit(s), 0 error(s), 1 left on base; Spokane 3 - Mile High 0
BOTTOM OF THE 1ST
Mile High Broncos batting - Pitching for Spokane Trappers : LHP Adrián León
Pitching: LHP Adrián León
Batting: RHB Michael MacDonald 0-0: Swinging Strike
0-1: Foul Ball, location: 2F
0-2: Ground out 4-3 (Groundball, 13)
Batting: RHB Damian Yates 0-0: Called Strike
0-1: Ground out 6-3 (Groundball, 6)
Batting: RHB Ximena Campos 0-0: Called Strike
0-1: SINGLE (Groundball, 6M)
Batting: RHB Juan Jose Guevana 0-0: Called Strike
Ximena Campos is caught stealing 2nd base
Bottom of the 1st over - 0 run(s), 1 hit(s), 0 error(s), 0 left on base; Spokane 3 - Mile High 0
TOP OF THE 2ND
Spokane Trappers batting - Pitching for Mile High Broncos : RHP Fernand Picard
Batting: LHB Pete Carter 0-0: Ball
1-0: Ball
2-0: Swinging Strike
2-1: Foul Ball, location: 2F
2-2: Ball
3-2: Strikes out swinging
Batting: LHB Jaime Padilla 0-0: Called Strike
0-1: Ground out 2-3 (Groundball, 23)
Batting: RHB Pedro Guzmán 0-0: Called Strike
0-1: Ball
1-1: Foul Ball, location: 2F
1-2: Fly out, F7 (Flyball, 7LM)
Top of the 2nd over - 0 run(s), 0 hit(s), 0 error(s), 0 left on base; Spokane 3 - Mile High 0
BOTTOM OF THE 2ND
Mile High Broncos batting - Pitching for Spokane Trappers : LHP Adrián León
Batting: RHB Juan Jose Guevana 0-0: Foul Ball, location: 2F
0-1: Swinging Strike
0-2: Strikes out swinging
Batting: RHB Phil White 0-0: Called Strike
0-1: Ball
1-1: Ball
2-1: Swinging Strike
2-2: Strikes out swinging
Batting: RHB António Martínez 0-0: Called Strike
0-1: Ball
1-1: Ground out 4-3 (Groundball, 4M)
Bottom of the 2nd over - 0 run(s), 0 hit(s), 0 error(s), 0 left on base; Spokane 3 - Mile High 0
TOP OF THE 3RD
Spokane Trappers batting - Pitching for Mile High Broncos : RHP Fernand Picard
Batting: RHB John Craig 0-0: Ground out 4-3 (Groundball, 4)
Batting: SHB Esteban Silva 0-0: Called Strike
0-1: Swinging Strike
0-2: Ground out 4-3 (Groundball, 4)
Batting: RHB Ernesto Acosta 0-0: Called Strike
0-1: DOUBLE (Line Drive, 8LD)
Batting: LHB José Feliciano 0-0: Ball
1-0: Called Strike
1-1: Foul Ball, location: 2F
1-2: Ball
2-2: DOUBLE (Flyball, 89XD)
Ernesto Acosta scores
Batting: RHB Toru Nakanishi 0-0: Foul Ball, location: 2F
0-1: Swinging Strike
0-2: Foul Ball, location: 2F
0-2: Ball
1-2: Strikes out swinging
Top of the 3rd over - 1 run(s), 2 hit(s), 0 error(s), 1 left on base; Spokane 4 - Mile High 0
BOTTOM OF THE 3RD
Mile High Broncos batting - Pitching for Spokane Trappers : LHP Adrián León
Batting: RHB Juan Gonzáles 0-0: Ball
1-0: Called Strike
1-1: Ball
2-1: Foul Ball, location: 2F
2-2: Foul Ball, location: 2F
2-2: Foul Ball, location: 2F
2-2: Ground out 6-3 (Groundball, 6)
Batting: RHB Terry Fuller 0-0: Ball
1-0: Fly out, F4 (Popup, 4S)
Batting: LHB Diego González 0-0: Called Strike
0-1: SINGLE (Line Drive, 89M)
Batting: RHB Michael MacDonald 0-0: Called Strike
Diego González steals 2nd base
0-1: Ball
1-1: Swinging Strike
1-2: Ground out 5-3 (Groundball, 5S)
Bottom of the 3rd over - 0 run(s), 1 hit(s), 0 error(s), 1 left on base; Spokane 4 - Mile High 0
TOP OF THE 4TH
Spokane Trappers batting - Pitching for Mile High Broncos : RHP Fernand Picard
Batting: LHB Fernando Pérez 0-0: Ball
1-0: Ground out 4-3 (Groundball, 4MS)
Batting: LHB Pete Carter 0-0: DOUBLE (Flyball, 89XD)
Batting: LHB Jaime Padilla 0-0: Ball
1-0: Called Strike
1-1: Ground out 6-3 (Groundball, 6)
Batting: RHB Pedro Guzmán 0-0: Fly out, F8 (Flyball, 8RS)
Top of the 4th over - 0 run(s), 1 hit(s), 0 error(s), 1 left on base; Spokane 4 - Mile High 0
BOTTOM OF THE 4TH
Mile High Broncos batting - Pitching for Spokane Trappers : LHP Adrián León
Batting: RHB Damian Yates 0-0: Foul Ball, location: 2F
0-1: Foul Ball, location: 2F
0-2: Ball
1-2: Foul Ball, location: 2F
1-2: Foul Ball, location: 2F
1-2: Ground out 4-3 (Groundball, 4)
Batting: RHB Ximena Campos 0-0: Called Strike
0-1: Ball
1-1: Foul Ball, location: 2F
1-2: Foul Ball, location: 2F
1-2: Foul Ball, location: 2F
1-2: Strikes out swinging
Batting: RHB Juan Jose Guevana 0-0: Ball
1-0: Ball
2-0: Ball
3-0: Called Strike
3-1: Base on Balls
Batting: RHB Phil White Pickoff Throw to First - Out!
Bottom of the 4th over - 0 run(s), 0 hit(s), 0 error(s), 0 left on base; Spokane 4 - Mile High 0
TOP OF THE 5TH
Spokane Trappers batting - Pitching for Mile High Broncos : RHP Fernand Picard
Batting: RHB John Craig 0-0: Ball
1-0: Foul Ball, location: 2F
1-1: Ball
2-1: Ball
3-1: SINGLE (Line Drive, 89S)
Batting: SHB Esteban Silva 0-0: Swinging Strike
0-1: Foul Ball, location: 2F
0-2: Foul Ball, location: 2F
0-2: Ball
1-2: Grounds into double play, 5-4-3 (Groundball, 56)
Batting: RHB Ernesto Acosta 0-0: Ground out 1-3 (Groundball, 15)
Top of the 5th over - 0 run(s), 1 hit(s), 0 error(s), 0 left on base; Spokane 4 - Mile High 0
BOTTOM OF THE 5TH
Mile High Broncos batting - Pitching for Spokane Trappers : LHP Adrián León
Batting: RHB Phil White 0-0: Swinging Strike
0-1: Ball
1-1: Ball
2-1: SINGLE (Groundball, 6MD)
Batting: RHB António Martínez 0-0: Ball
1-0: Called Strike
1-1: Ball
2-1: Swinging Strike
2-2: Ball
3-2: Foul Ball, location: 2F
3-2: Foul Ball, location: 2F
3-2: Foul Ball, location: 2F
3-2: SINGLE (Groundball, 6M)
Phil White to second
Phil White to third
Batting: RHB Juan Gonzáles 0-0: Grounds into double play, 6-4-3 (Groundball, 6)
Phil White scores
Batting: RHB Terry Fuller 0-0: Ball
1-0: Ball
2-0: SINGLE (Line Drive, 4MD)
Batting: LHB Diego González 0-0: Foul Ball, location: 2F
0-1: Fly out, F3 (Line Drive, 3S)
Bottom of the 5th over - 1 run(s), 3 hit(s), 0 error(s), 1 left on base; Spokane 4 - Mile High 1
TOP OF THE 6TH
Spokane Trappers batting - Pitching for Mile High Broncos : RHP Fernand Picard
Batting: LHB José Feliciano 0-0: Called Strike
0-1: DOUBLE (Line Drive, 9LM)
Batting: RHB Toru Nakanishi 0-0: Ground out 6-3 (Groundball, 6)
Batting: LHB Fernando Pérez 0-0: Called Strike
0-1: Ball
1-1: Ball
2-1: Foul Ball, location: 2F
2-2: Ball
3-2: Strikes out swinging
Batting: LHB Pete Carter 0-0: Ball
1-0: Ball
2-0: Called Strike
2-1: SINGLE (Groundball, 4MD) (infield hit)
José Feliciano to third
Batting: LHB Jaime Padilla 0-0: Foul Ball, location: 2F
0-1: Ball
1-1: Ball
2-1: Fly out, F7 (Flyball, 78S)
Top of the 6th over - 0 run(s), 2 hit(s), 0 error(s), 2 left on base; Spokane 4 - Mile High 1
BOTTOM OF THE 6TH
Mile High Broncos batting - Pitching for Spokane Trappers : LHP Adrián León
Batting: RHB Michael MacDonald 0-0: Ground out 5-3 (Groundball, 5S)
Batting: RHB Damian Yates 0-0: Ball
1-0: Called Strike
1-1: Foul Ball, location: 2F
1-2: Ball
2-2: Ball
3-2: DOUBLE (Flyball, 78XD)
Batting: RHB Ximena Campos 0-0: SINGLE (Line Drive, 6M)
Damian Yates to third
Batting: RHB Juan Jose Guevana 0-0: Ball
1-0: Foul Ball, location: 2F
1-1: Ball
2-1: Foul Ball, location: 2F
2-2: Foul Ball, location: 2F
2-2: Foul Ball, location: 2F
2-2: Foul Ball, location: 2F
2-2: Foul Ball, location: 2F
2-2: Foul Ball, location: 2F
2-2: Grounds into double play, 6-4-3 (Groundball, 6)
Bottom of the 6th over - 0 run(s), 2 hit(s), 0 error(s), 1 left on base; Spokane 4 - Mile High 1
TOP OF THE 7TH
Spokane Trappers batting - Pitching for Mile High Broncos : RHP Fernand Picard
Batting: RHB Pedro Guzmán 0-0: Called Strike
0-1: Foul Ball, location: 2F
0-2: Strikes out looking
Batting: RHB John Craig 0-0: Ball
1-0: Foul Ball, location: 2F
1-1: Ball
2-1: Foul Ball, location: 2F
2-2: Foul Ball, location: 2F
2-2: Ball
3-2: Base on Balls
Pitching: LHP Mark Stewart
Batting: SHB Esteban Silva 0-0: Foul Ball, location: 2F
0-1: Ball
Wild Pitch!
John Craig to second
1-1: SINGLE (Groundball, 34D)
John Craig to third
Runner from 3rd tries for Home, SAFE, no throw or cutoff
Batting: RHB Ernesto Acosta 0-0: 2-RUN HOME RUN (Flyball, 78XD), Distance : 409 ft
Batting: LHB José Feliciano 0-0: Ball
1-0: Called Strike
1-1: Ball
2-1: Foul Ball, location: 2F
2-2: Strikes out swinging
Batting: RHB Toru Nakanishi 0-0: SINGLE (Groundball, 4MD)
Batting: LHB Fernando Pérez 0-0: Called Strike
0-1: Ball
1-1: Ground out 1-3 (Groundball, 15S)
Top of the 7th over - 3 run(s), 3 hit(s), 0 error(s), 1 left on base; Spokane 7 - Mile High 1
BOTTOM OF THE 7TH
Mile High Broncos batting - Pitching for Spokane Trappers : LHP Adrián León
Pitching: RHP Jacob Miller
Batting: RHB Phil White 0-0: Called Strike
0-1: Foul Ball, location: 2F
0-2: Ball
1-2: Strikes out swinging
Batting: RHB António Martínez 0-0: Ground out 5-3 (Groundball, 5)
Batting: RHB Juan Gonzáles 0-0: Ball
1-0: Ball
2-0: Ball
3-0: Base on Balls
Batting: RHB Terry Fuller 0-0: Foul Ball, location: 2F
0-1: Ball
1-1: Called Strike
1-2: Ball
2-2: Foul Ball, location: 2F
2-2: Strikes out looking
Bottom of the 7th over - 0 run(s), 0 hit(s), 0 error(s), 1 left on base; Spokane 7 - Mile High 1
TOP OF THE 8TH
Spokane Trappers batting - Pitching for Mile High Broncos : LHP Mark Stewart
Batting: LHB Pete Carter 0-0: Fly out, F8 (Flyball, 8LXD)
Batting: LHB Jaime Padilla 0-0: Called Strike
0-1: Ball
1-1: Foul Ball, location: 2F
1-2: Hit by Pitch
Batting: RHB Pedro Guzmán 0-0: Swinging Strike
0-1: Ball
1-1: Swinging Strike
1-2: Strikes out swinging
Throwing error on steal attempt, E2
Jaime Padilla to third
Batting: RHB John Craig 0-0: Ball
1-0: Ground out 2-3 (Groundball, 2R)
Top of the 8th over - 0 run(s), 0 hit(s), 1 error(s), 1 left on base; Spokane 7 - Mile High 1
BOTTOM OF THE 8TH
Mile High Broncos batting - Pitching for Spokane Trappers : RHP Jacob Miller
Batting: LHB Diego González 0-0: Called Strike
0-1: Called Strike
0-2: Foul Ball, location: 2F
0-2: Ball
1-2: Strikes out looking
Batting: RHB Michael MacDonald 0-0: Called Strike
0-1: Ball
1-1: Called Strike
1-2: Strikes out swinging
Batting: RHB Damian Yates 0-0: Called Strike
0-1: Ball
1-1: Foul Ball, location: 2F
1-2: Foul Ball, location: 2F
1-2: Ball
2-2: Ball
3-2: Base on Balls
Batting: RHB Ximena Campos 0-0: Called Strike
0-1: Foul Ball, location: 2F
0-2: Strikes out swinging
Bottom of the 8th over - 0 run(s), 0 hit(s), 0 error(s), 1 left on base; Spokane 7 - Mile High 1
TOP OF THE 9TH
Spokane Trappers batting - Pitching for Mile High Broncos : LHP Mark Stewart
Batting: SHB Esteban Silva 0-0: Ground out 6-3 (Groundball, 6)
Batting: RHB Ernesto Acosta 0-0: Ball
1-0: Foul Ball, location: 2F
1-1: Ball
2-1: Called Strike
2-2: SINGLE (Groundball, 6M)
Batting: LHB José Feliciano 0-0: Swinging Strike
0-1: Called Strike
0-2: Ball
1-2: Foul Ball, location: 2F
1-2: Ball
2-2: Foul Ball, location: 2F
2-2: Grounds into double play, 6-4-3 (Groundball, 6)
Top of the 9th over - 0 run(s), 1 hit(s), 0 error(s), 0 left on base; Spokane 7 - Mile High 1
BOTTOM OF THE 9TH
Mile High Broncos batting - Pitching for Spokane Trappers : RHP Jacob Miller
Batting: RHB Juan Jose Guevana 0-0: Ball
1-0: Called Strike
1-1: Ball
2-1: Ball
3-1: Foul Ball, location: 2F
3-2: Foul Ball, location: 2F
3-2: Strikes out swinging
Batting: RHB Phil White 0-0: Ball
1-0: Called Strike
1-1: Called Strike
1-2: Ball
2-2: Ball
3-2: Base on Balls
Batting: RHB António Martínez 0-0: Called Strike
0-1: Ball
1-1: Foul Ball, location: 2F
1-2: Ball
2-2: Ball
3-2: Base on Balls
Phil White to second
Pitching: RHP Astolfo Bolo
Batting: RHB Juan Gonzáles 0-0: Foul Ball, location: 2F
0-1: DOUBLE (Line Drive, 7LD)
Phil White scores
António Martínez to third
Runner from 3rd tries for Home, SAFE, no throw or cutoff
Batting: RHB Terry Fuller 0-0: Ball
1-0: SINGLE (Groundball, 56D)
Juan Gonzáles to third
Runner from 3rd tries for Home, SAFE, throw made home
Pitching: RHP José Ortíz
Batting: LHB Diego González 0-0: Called Strike
0-1: Ball
1-1: Foul Ball, location: 2F
1-2: Foul Ball, location: 2F
1-2: Strikes out swinging
Batting: RHB Michael MacDonald 0-0: Ball
1-0: SINGLE (Flyball, 89S)
Terry Fuller to second
Batting: RHB Damian Yates 0-0: Called Strike
0-1: Ground out 5-3 (Groundball, 5L)
Bottom of the 9th over - 3 run(s), 3 hit(s), 0 error(s), 2 left on base; Spokane 7 - Mile High 4
This league is powered by Out of the Park Baseball, the baseball management simulation game for PC, Mac and Linux
Wednesday, December 2nd, 2015 - OOTP Baseball 16.8 Build 38